 Dungeon Crawl Stone Soup version 0.29-a0-982-gaed3a0c8d8 (webtiles) character file.

Game seed: 14992564293957805674

147 flotson the Sneak (level 5, 0/42 HPs)
             Began as a Demonspawn Delver on Aug 2, 2022.
             Slain by a gnoll
             ... wielding a +0 spear
              (2 damage)
             ... on level 2 of the Dungeon.
             The game lasted 00:04:00 (3266 turns).

flotson the Sneak (Demonspawn Delver)               Turns: 3266, Time: 00:04:01

Health: 0/42       AC:  3    Str: 14    XL:     5   Next: 8%
Magic:  5/5        EV: 12    Int: 12    God:
Gold:   94         SH:  0    Dex: 14    Spells: 4/4 levels left

rFire   . . .      SeeInvis .   q - +0 halberd
rCold   . . .      Faith    .   (shield currently unavailable)
rNeg    . . .      Spirit   .   b - +0 leather armour
rPois   .          Reflect  .   (helmet restricted)
rElec   .          Harm     .   (no cloak)
rCorr   .          Rampage  .   (no gloves)
Will    .....                   (no boots)
Stlth   ++........              j - amulet of the acrobat
HPRegen 0.14/turn               (no ring)
MPRegen 0.09/turn               (no ring)

@: no status effects
A: antennae 1, ignite blood 1
a: no special abilities


You were on level 2 of the Dungeon.
You visited 1 branch of the dungeon, and saw 5 of its levels.

You collected 94 gold pieces.

Inventory:

Hand Weapons
 a - a +0 spear
 q - a +0 halberd (weapon)
Missiles
 p - 3 boomerangs (quivered)
Armour
 b - a +0 leather armour (worn)
Jewellery
 j - an amulet of the acrobat (around neck)
Wands
 g - a wand of digging (3)
Scrolls
 c - a scroll of fog
 d - a scroll of magic mapping
 e - a scroll of fear
 h - 3 scrolls of identify {unknown}
 k - a scroll of butterflies {unknown}
 m - 2 scrolls of teleportation {unknown}
 n - a scroll of poison {unknown}
Potions
 f - a potion of haste
 i - a potion of ambrosia {unknown}
 l - a potion of lignification {unknown}
 o - a potion of mutation {unknown}
 r - a potion of curing {unknown}


   Skills:
 + Level 3.9 Fighting
 - Level 1.7 Polearms
 + Level 0.2 Throwing
 + Level 1.9 Armour
 + Level 2.8 Dodging
 - Level 4.5 Stealth
 + Level 2.1 Evocations


You had 4 spell levels left.
You didn't know any spells.
Your spell library was empty.

Dungeon Overview and Level Annotations

Branches:
Dungeon (5/15)
 Temple: D:4-7

Altars:
Fedhas
Vehumet


Innate Abilities, Weirdness & Mutations

You have a pair of small antennae on your head.
Your demonic aura sometimes causes spilled blood to erupt in flames.


Message History

You are too injured to fight recklessly!
You are too injured to fight recklessly!
You are too injured to fight recklessly!
You are too injured to fight recklessly!
You are too injured to fight recklessly!
Reach: q) +0 halberd
Press: ? - help, Dir - move target, f/p - gnoll
Aim: a gnoll, wielding a +0 spear (about 46% to evade your +0 halberd)
You reach to attack!
You barely miss the gnoll. The gnoll completely misses you.
The gnoll misses you.
Reach: q) +0 halberd
Press: ? - help, Dir - move target, f/p - gnoll
Aim: a gnoll, wielding a +0 spear (about 46% to evade your +0 halberd)
You reach to attack!
You barely miss the gnoll.
The gnoll hits you from afar with a +0 spear.
Reach: q) +0 halberd
Press: ? - help, Dir - move target, f/p - gnoll
Aim: a gnoll, wielding a +0 spear (about 46% to evade your +0 halberd)
You reach to attack!
You barely miss the gnoll.
The gnoll hits you from afar with a +0 spear.
Reach: q) +0 halberd
Press: ? - help, Dir - move target, f/p - gnoll
Aim: a gnoll, wielding a +0 spear (about 46% to evade your +0 halberd)
You reach to attack!
You barely miss the gnoll. The gnoll barely misses you.
The gnoll hits you from afar with a +0 spear.
* * * LOW HITPOINT WARNING * * *
You see here a staff of cold.
Reach: q) +0 halberd
Press: ? - help, Dir - move target, f/p - gnoll
Aim: a gnoll, wielding a +0 spear (about 46% to evade your +0 halberd)
You reach to attack!
You completely miss the gnoll. The gnoll completely misses you.
Reach: q) +0 halberd
Press: ? - help, Dir - move target, f/p - gnoll
Aim: a gnoll, wielding a +0 spear (about 46% to evade your +0 halberd)
You reach to attack!
You barely miss the gnoll.
The gnoll hits you from afar with a +0 spear!
* * * LOW HITPOINT WARNING * * *
The gnoll hits you from afar with a +0 spear.
You die...

###<#..# #.# #
..###..#######.#####.##### #
.).................. ...... ..
.......### #....?# ...... .r
..###.#######..#.###.###...####.#
..............................#.#
......#######..#g###.###.#....!..
####### #..#.### ...[...<#...
..##### #...@..# ####.......#
####.... #.##.#.# .......g...#
........ #.##.#.# ########รท###
........ #.##.. . ...........
........#####.####.#.########.###
........'K.......#+#'#######....$
........########.............#.#.
...#... #.............#... ...#..
#.............##..


You could see a gnoll.

Vanquished Creatures
  6 gnolls
  4 adders (D:2)
  A dart slug (D:1)
  3 ball pythons (D:1)
  5 bats
  4 endoplasms
  2 goblins
  10 jackals
  7 quokkas
  A frilled lizard (D:1)
  4 kobolds
  2 rats
49 creatures vanquished.

Notes
Turn   | Place    | Note
-------+----------+-------------------------------------------
     0 | D:5      | flotson the Demonspawn Delver began the quest for the Orb.
     0 | D:5      | Reached XP level 1. HP: 18/18 MP: 1/1
    19 | D:5      | Found a blossoming altar of Fedhas.
    19 | D:5      | Noticed a hound
    68 | D:4      | Noticed an iguana
    74 | D:4      | Found a radiant altar of Vehumet.
   143 | D:2      | Gained mutation: Your demonic aura sometimes causes spilled
                  | blood to erupt in flames. [demonic ancestry]
   143 | D:2      | Reached XP level 2. HP: 15/24 MP: 2/2
   301 | D:2      | Reached skill level 1 in Evocations
   376 | D:3      | Reached skill level 1 in Armour
   581 | D:2      | Discovered your monstrous ancestry.
   581 | D:2      | Gained mutation: You have a pair of small antennae on your
                  | head. [demonic ancestry]
   581 | D:2      | Reached XP level 3. HP: 29/29 MP: 3/3
  1470 | D:1      | Found a faded altar of an unknown god.
  1883 | D:1      | Reached XP level 4. HP: 32/35 MP: 4/4
  3097 | D:2      | Reached XP level 5. HP: 30/42 MP: 5/5
  3266 | D:2      | HP: 2/42 [gnoll/+0 spear (10)]
  3266 | D:2      | Slain by a gnoll

Illustrated notes

Levels and vault maps discovered:
D:1:      mainiacjoe_arrival_reflecting_pool, layout_loops_ring,
          ebering_ecumenical_altar_mist, ebering_dispersal_statue_hall, hex_tiny
D:2:      layout_basic, minmay_misc_feat_plants, minmay_between
D:3:      layout_basic, gammafunk_ghost_abyssal_escape
D:4:      layout_loops_ring, overflow_temple_1_default, lemuel_round_altar,
          uniq_grinder
D:5:      gammafunk_wand_slinger, layout_gridville,
          grunt_temple_overflow_forces_of_nature,
          chequers_temple_overflow_minitemple

Skill      XL: |  1  2  3  4 |
---------------+-------------+-----
Dodging        | 2 |  2.8
Evocations     | 1 2 |  2.1
Armour         | 1 |  1.9
Fighting       | |  3.9
Polearms       | |  1.7
Throwing       | |  0.2
Stealth        | |  4.5

Action                   |  1- 3 |  4- 6 || total
-------------------------+-------+-------++-------
Melee: Spear             |   129 |    79 ||   208
       Punch             |       |     2 ||     2
       Halberd           |       |    15 ||    15
Throw: Boomerang         |       |     5 ||     5
 Stab: Sleeping          |     9 |     1 ||    10
Armor: Leather armour    |    24 |    23 ||    47
Dodge: Dodged            |    62 |    70 ||   132

Table legend: (Time is in decaauts)
 A = Elapsed time spent in this place.
 B = Non-inter-level travel time spent in this place.
 C = Inter-level travel time spent in this place.
 D = Time resting spent in this place.
 E = Time spent auto-exploring this place.
 F = Levels seen in this place.
 G = Mean time per level.
                   A        B        C        D        E       F      G
               +--------+--------+--------+--------+--------+-----+--------+
         Total |   3277 |   3148 |    129 |    314 |   2230 |   5 |  655.4 |
       Dungeon |   3277 |   3148 |    129 |    314 |   2230 |   5 |  655.4 |
               +--------+--------+--------+--------+--------+-----+--------+

Top non-repeatable levels by time:
     D:1: 1759 daAuts
     D:2: 1139 daAuts
     D:3: 292 daAuts
     D:5: 68 daAuts
     D:4: 18 daAuts
